 Dungeon Crawl Stone Soup version 0.31-a0-161-gb58dd9be76 (webtiles) character file.

Game seed: 17058955358343603330

63263 qw the Warrior (level 15, -5/104 HPs)
             Began as a Gargoyle Hunter on June 12, 2023.
             Was an Elder of Okawaru.
             Slain by a reaper
             ... wielding a +2 scythe of venom
              (11 damage)
             ... in a Gauntlet.
             The game lasted 00:11:04 (18104 turns).

qw the Warrior (Gargoyle Hunter)                   Turns: 18104, Time: 00:11:04

Health: -5/104     AC: 42    Str: 14    XL:     15   Next: 9%
Magic:  31/31      EV: 22    Int: 19    God:    Okawaru [****..]
Gold:   263        SH:  0    Dex: 25    Spells: 14/14 levels left

rFire   . . .        A - +0 orcbow
rCold   + + +        (shield currently unavailable)
rNeg    + . .        z - +4 ring mail of Parch {Int+3}
rPois   inf          t - +2 helmet
rElec   +            y - +2 cloak of Resilience {rC+++ MP+9 Int+4}
rCorr   .            w - +2 pair of gloves
SInv    .            s - +2 pair of boots
Will    +....        u - amulet of faith
Stlth   +++          f - +4 ring of protection
HPRegen 0.37/turn    o - +6 ring of dexterity
MPRegen 0.22/turn

%: no teleportation, faith
@: heroic, flying
A: sickness immunity, AC +11, big wings, negative energy resistance 1,
electricity resistance, torment resistance 1, petrification resistance
a: Renounce Religion, Heroism, Finesse


You were in a Gauntlet.
You worshipped Okawaru.
Okawaru was greatly pleased with you.
You visited 3 branches of the dungeon, and saw 18 of its levels.
You also visited: Gauntlet.

You collected 1279 gold pieces.
You spent 1016 gold pieces at shops.


Innate Abilities, Weirdness & Mutations

You are immune to sickness and miasma.
Your stone body is resilient. (AC +11)
You are immune to poison.
Your large and strong wings let you fly.
You resist negative energy. (rN+)
You are resistant to electric shocks. (rElec)
You are resistant to unholy torment.
You are immune to petrification.


   Skills:
 - Level 16.0(21.0) Fighting
 + Level 15.1(20.1) Ranged Weapons
 - Level 10.0(15.0) Armour
 - Level 9.0(14.0) Dodging
 - Level 1.1(6.1) Stealth
 - Level 10.0 Invocations


You had 14 spell levels left.
You didn't know any spells.
Your spell library was empty.

Inventory:

Hand Weapons
 A - a +0 orcbow (weapon)
Armour
 s - a +2 pair of boots (worn)
 t - a +2 helmet (worn)
 w - a +2 pair of gloves (worn)
 x - a +1 leather armour of fire resistance
 y - the +2 cloak of Resilience (worn) {rC+++ MP+9 Int+4}
   (You bought it in a shop on level 10 of the Dungeon)

   Int:       It affects your intelligence (+4).
   rC:        It renders you almost immune to cold.
   MP:        It affects your magic capacity (+9).
 z - the +4 ring mail of Parch (worn) {Int+3}
   (You bought it in a shop on level 10 of the Dungeon)

   Int:       It affects your intelligence (+3).
Jewellery
 c - a ring of protection from cold
 f - a +4 ring of protection (left hand)
 l - a ring of protection from fire
 o - a +6 ring of dexterity (right hand)
 u - an amulet of faith (around neck)
Wands
 j - a wand of digging (13)
Scrolls
 b - 7 scrolls of teleportation
 h - 4 scrolls of identify
Potions
 a - a potion of magic
 d - 6 potions of attraction
 e - a potion of cancellation
 i - 3 potions of curing
 k - 3 potions of haste
 m - a potion of lignification
 q - 4 potions of might
 r - 3 potions of mutation

Dungeon Overview and Level Annotations

Branches:
Dungeon (12/15)            Temple (1/1) D:6            Lair (5/5) D:8
 Shoals (0/4) Lair:2       Spider (0/4) Lair:3        Slime (0/5) Lair:5
    Orc (0/2) D:12        Gauntlet (1/1)

Altars:
Ashenzari
Cheibriados
Dithmenos
Elyvilon
Fedhas
Gozag
Hepliaklqana
Kikubaaqudgha
Makhleb
Nemelex Xobeh
Okawaru
Qazlal
Ru
Sif Muna
Trog
Uskayaw
Vehumet
Wu Jian
Xom
Yredelemnul
Zin
The Shining One
Jiyva

Shops:
D:8 ?   D:10 ([   D:12 [

Annotations:
D:11 1 runed translucent door
Lair:2 3 runed translucent doors, qw's ghost, journeyman GrHu
Lair:5 exclusion: obsidian statue Gauntlet 11 transporters, 3 runed translucent doors


Message History

The reaper hits you from afar with a +2 scythe of venom!!
You shoot an arrow. The arrow hits the reaper!
The reaper is lightly wounded.
You shoot an arrow. The arrow hits the reaper!!
The reaper is moderately wounded.
The reaper completely misses you.
You shoot an arrow.
The arrow hits the reaper but does no damage.
The reaper is moderately wounded.
The reaper hits you from afar with a +2 scythe of venom!
You shoot an arrow. The arrow barely misses the reaper.
The reaper hits you but does no damage.
You shoot an arrow.
The arrow hits the reaper but does no damage.
The reaper is moderately wounded.
The reaper completely misses you.
You shoot an arrow.
The arrow hits the reaper but does no damage.
The reaper is moderately wounded.
You shoot an arrow.
The arrow hits the reaper but does no damage.
The reaper is moderately wounded.
The reaper closely misses you.
You shoot an arrow.
The arrow hits the reaper but does no damage.
The reaper is moderately wounded.
The reaper shouts, "Die, qw!"
The reaper completely misses you.
You shoot an arrow. The arrow hits the reaper.
The reaper is moderately wounded.
The reaper hits you from afar with a +2 scythe of venom.
You shoot an arrow. The arrow hits the reaper!
The reaper is heavily wounded.
The reaper barely misses you.
You shoot an arrow. The arrow barely misses the reaper.
You shoot an arrow.
The arrow hits the reaper but does no damage.
The reaper is heavily wounded.
The reaper hits you from afar with a +2 scythe of venom!
You die...

.#...#w###..#..~###~..#..#.#.#.[.
.#..##.w##..#..##¤##..#..#.#.#[$#
.#w##....#..#.....¤...#..#...#.#^
.#########..#.........#..########
.........#..###########..#.......
.#########..#..#......#..########
.#.......#..#...#.....#..#t......
.#.#.###?#..#...#....##..#.......
.#...###.#..#.2.@#.##"#..#####+##
^#..^###^#^^#...###..^#^^#^...+.^
.#.##....#..#.##.#...$#..#.##^+##
.#.##...[#..##....#...#..#.##.#.[
.#.......#..#.....#...#..#....#(?
.#########..#......#.!#..########
.........#..###########..#.......
.#########..#.........#..########
.#.##.Z###..#.........#..#......}


You could see a reaper.

Vanquished Creatures
  2 dire elephants (Lair:5)
  4 hydras
  Harold (D:9)
  2 catoblepae
  A centaur warrior (D:11)
  A boulder beetle (D:11)
  Urug (Lair:3)
  8 death yaks
  A fire crab (Lair:5)
  4 spectral death yaks (Lair:5)
  2 skysharks (Lair:5)
  A spectral anaconda (Lair:5)
  Pikel (D:5)
  4 necromancers (Lair:5)
  A cyclops (D:12)
  A manticore (Lair:2)
  17 elephants (Lair:5)
  2 eyes of devastation
  3 black mambas
  A dire elephant zombie (Lair:5)
  11 cane toads
  9 komodo dragons
  2 kobold demonologists (D:10)
  3 gargoyles
  2 rime drakes
  A hellwing (Gauntlet)
  7 hornets
  2 polar bears
  A wind drake (Lair:2)
  30 blink frogs
  A culicivora (Lair:3)
  A centaur simulacrum (D:11)
  3 jumping spiders (Lair:3)
  4 wraiths
  A shadow (D:10)
  2 slime creatures (D:8)
  52 yaks
  6 wyverns
  A golden eye (Gauntlet)
  2 humans (D:8)
  3 redbacks (Lair:3)
  6 basilisks
  Eustachio (D:5)
  A steam dragon (D:9)
  4 vampire mosquitoes (D:10)
  A spectral cane toad (Lair:5)
  11 water moccasins
  2 floating eyes
  5 orc warriors
  An ice beast (D:4)
  2 elephant zombies (Lair:5)
  4 sky beasts
  3 black bears
  4 ogres
  18 wolves (Lair:4)
  3 centaurs
  A lemure (D:5)
  14 bullfrogs
  6 kobold brigands
  A cane toad simulacrum (Lair:5)
  3 gnoll sergeants
  4 scorpions
  7 wights
  15 killer bees
  2 howler monkeys
  An electric eel (D:7)
  A crimson imp (D:5)
  6 jellies
  2 hounds (D:6)
  A gnoll bouda (D:7)
  5 orc priests
  2 sleepcaps
  Ijyb (D:5)
  3 iguanas
  14 orc wizards
  24 gnolls
  16 adders
  A shadow imp (Gauntlet)
  2 white imps (D:5)
  A worm (D:2)
  4 dart slugs
  35 orcs
  10 endoplasms
  3 giant cockroaches
  8 goblins
  10 hobgoblins
  4 jackals (D:2)
  21 kobolds
  5 quokkas
  4 ball pythons
  3 bats (D:1)
  4 frilled lizards
  3 rats
515 creatures vanquished.

Notes
Turn   | Place    | Note
-------+----------+-------------------------------------------
     0 | D:1      | qw the Gargoyle Hunter began the quest for the Orb.
     0 | D:1      | Reached XP level 1. HP: 12/12 MP: 1/1
     0 | D:1      | 0 ||| qw: Version: 0.2-a-29-gc1b59c4
     0 | D:1      | 0 ||| qw: Game counter: 4272
     0 | D:1      | 0 ||| qw: Always use a shield: true
     0 | D:1      | 0 ||| qw: God list: Okawaru
     0 | D:1      | 0 ||| qw: Allow faded altars: false
     0 | D:1      | 0 ||| qw: Do Orc after D:15 true
     0 | D:1      | 0 ||| qw: Do second Lair branch before Depths: true
     0 | D:1      | 0 ||| qw: Lair rune preference: random
     0 | D:1      | 0 ||| qw: Plans: Normal, Zot:1-4, Slime:5, God:TSO, Crypt,
                  | Tomb, Abyss, Pan, Hells, Win
     0 | D:1      | 0 ||| PLANNING D:1-11
    23 | D:1      | 23 ||| DROPPING scroll of butterflies.
   116 | D:1      | Reached XP level 2. HP: 17/17 MP: 2/2
   127 | D:1      | 127 ||| READING scroll labelled XUTZID FASODAN.
   256 | D:1      | Reached XP level 3. HP: 21/21 MP: 3/3
   820 | D:1      | 820 ||| UPGRADING to +0 ring mail.
   830 | D:1      | 830 ||| DROPPING +0 leather armour.
   831 | D:1      | 831 ||| DROPPING amulet of magic regeneration.
   832 | D:1      | 832 ||| UPGRADING to +4 ring of protection.
   833 | D:1      | 833 ||| READING scroll labelled ISHREJ WIUTU.
   836 | D:1      | 836 ||| READING scroll labelled KYV JEJEOPPO.
   837 | D:1      | 837 ||| READING 2 scrolls labelled UNWIKA GUCKIAK.
   934 | D:2      | Reached skill level 1 in Armour
   964 | D:2      | Identified the +0 dagger of the Vase {freeze, Fragile Str+6
                  | SInv}
   981 | D:2      | Reached XP level 4. HP: 27/27 MP: 4/4
  1223 | D:2      | Reached skill level 3 in Fighting
  1707 | D:2      | 1707 ||| READING scroll labelled RIES BONGO.
  1708 | D:2      | 1708 ||| READING 2 scrolls of identify.
  1708 | D:2      | 1708 ||| IDENTIFYING sapphire potion
  1709 | D:2      | 1709 ||| DROPPING potion of invisibility.
  1732 | D:3      | Found a stormy altar of Qazlal.
  1732 | D:3      | Noticed a sky beast
  1751 | D:3      | Killed a sky beast
  1752 | D:3      | Reached skill level 6 in Ranged Weapons
  1752 | D:3      | Reached XP level 5. HP: 28/32 MP: 5/5
  2050 | D:3      | Found an opulent altar of Gozag.
  2497 | D:3      | 2497 ||| READING scroll labelled XAYS DUPAGH.
  2592 | D:4      | HP: 8/32 [orc priest/divine providence (11)]
  2593 | D:4      | 2593 ||| READING 2 scrolls of teleportation.
  2595 | D:4      | Reached XP level 6. HP: 10/38 MP: 6/6
  2612 | D:4      | Noticed an ice beast
  2614 | D:4      | Reached skill level 4 in Fighting
  2624 | D:4      | Killed an ice beast
  2972 | D:4      | Reached XP level 7. HP: 42/43 MP: 7/7
  3242 | D:4      | 3242 ||| UPGRADING to +0 helmet.
  3247 | D:4      | 3247 ||| UPGRADING to +0 cloak.
  3252 | D:4      | 3252 ||| UPGRADING to +6 ring of dexterity.
  3253 | D:4      | 3253 ||| READING scroll labelled LOGRUMMUXIT.
  3285 | D:4      | 3285 ||| READING scroll labelled DISHIXZUNWE.
  3316 | D:5      | Entered Level 5 of the Dungeon
  3319 | D:5      | Noticed Ijyb
  3330 | D:5      | Killed Ijyb
  3340 | D:5      | Noticed Eustachio
  3369 | D:5      | Killed Eustachio
  3370 | D:5      | Reached skill level 3 in Armour
  3390 | D:5      | 3390 ||| FLEEEEING.
  3391 | D:5      | 3391 ||| FLEEEEING.
  3392 | D:5      | 3392 ||| STAIRDANCE
  3539 | D:5      | Found a broken altar of Ashenzari.
  3593 | D:5      | Found a sacrificial altar of Ru.
  3607 | D:5      | Noticed Pikel
  3619 | D:5      | HP: 10/43 [Pikel/+2 whip of freezing (2)]
  3620 | D:5      | 3620 ||| READING 3 scrolls of teleportation.
  3622 | D:5      | HP: 3/43 [lemure[Pikel] (2)]
  3622 | D:5      | HP: 1/43 [Pikel/+2 whip of freezing (1)]
  3874 | D:5      | Reached XP level 8. HP: 48/48 MP: 8/8
  3896 | D:5      | Found a radiant altar of Vehumet.
  3903 | D:5      | Found an ancient bone altar of Kikubaaqudgha.
  3948 | D:5      | Found a shimmering blue altar of Sif Muna.
  4083 | D:5      | Killed Pikel
  4084 | D:5      | Reached skill level 7 in Fighting
  4265 | D:5      | Found an ornate altar of the Wu Jian Council.
  4288 | D:5      | Found a basalt altar of Yredelemnul.
  4314 | D:5      | Found a burning altar of Makhleb.
  4375 | D:5      | 4375 ||| READING 3 scrolls of identify.
  4375 | D:5      | 4375 ||| IDENTIFYING viscous green potion
  4376 | D:5      | 4376 ||| READING 2 scrolls of identify.
  4376 | D:5      | 4376 ||| IDENTIFYING coppery potion
  4483 | D:6      | Reached skill level 9 in Ranged Weapons
  4483 | D:6      | Reached XP level 9. HP: 57/57 MP: 9/9
  4499 | D:6      | Reached skill level 3 in Dodging
  4648 | D:6      | Found a staircase to the Ecumenical Temple.
  4649 | D:6      | 4649 ||| PLANNING TEMPLE
  4659 | Temple   | Entered the Ecumenical Temple
  4672 | Temple   | 4672 ||| PLANNING D:1-11
  4702 | D:6      | 4702 ||| DRINKING 5 potions of curing.
  4702 | D:6      | 4702 ||| (to cure confusion)
  4713 | D:6      | 4713 ||| DRINKING 4 potions of curing.
  4713 | D:6      | 4713 ||| (to cure confusion)
  4720 | D:6      | 4720 ||| DRINKING 3 potions of curing.
  4720 | D:6      | 4720 ||| (to cure confusion)
  4763 | D:6      | 4763 ||| FLEEEEING.
  4829 | D:6      | 4829 ||| READING scroll of brand weapon.
  4829 | D:6      | 4829 ||| BRANDING +0 shortbow of draining.
  5338 | D:6      | 5338 ||| UPGRADING to +2 robe of willpower.
  5348 | D:6      | 5348 ||| DROPPING +0 ring mail.
  5349 | D:6      | 5349 ||| UPGRADING to +1 helmet.
  5359 | D:6      | 5359 ||| DROPPING +0 helmet.
  5360 | D:6      | 5360 ||| DROPPING ring of positive energy.
  5361 | D:6      | 5361 ||| READING scroll labelled POXTOG YKUGEPP.
  5362 | D:6      | 5362 ||| READING scroll labelled SERELICONEOF.
  5363 | D:6      | 5363 ||| DRINKING 2 grey potions.
  5364 | D:6      | 5364 ||| DROPPING potion of brilliance.
  5399 | D:7      | 5399 ||| STAIRDANCE
  5526 | D:7      | 5526 ||| DRINKING 2 potions of curing.
  5526 | D:7      | 5526 ||| (to cure confusion)
  5527 | D:7      | 5527 ||| Stepping ~*~*~tactically~*~*~ (outnumbered).
  5662 | D:7      | 5662 ||| FLEEEEING.
  5663 | D:7      | 5663 ||| FLEEEEING.
  5667 | D:7      | 5667 ||| Stepping ~*~*~tactically~*~*~ (outnumbered).
  5669 | D:7      | 5669 ||| FLEEEEING.
  5669 | D:7      | Found a hazy altar of Hepliaklqana.
  5707 | D:7      | 5707 ||| FLEEEEING.
  5876 | D:7      | Found a sparkling altar of Nemelex Xobeh.
  6010 | D:7      | Found a shimmering altar of Xom.
  6095 | D:7      | 6095 ||| READING scroll labelled UGUIWN UFUAKLI.
  6096 | D:7      | 6096 ||| READING scroll labelled FEIQUL PYCEM.
  6097 | D:7      | 6097 ||| READING 2 scrolls of identify.
  6097 | D:7      | 6097 ||| IDENTIFYING green potion
  6157 | D:8      | Reached skill level 8 in Fighting
  6168 | D:8      | Reached XP level 10. HP: 62/64 MP: 10/10
  6294 | D:8      | Found a staircase to the Lair.
  6295 | D:8      | 6295 ||| Stepping ~*~*~tactically~*~*~ (outnumbered).
  6328 | D:8      | Reached skill level 12 in Ranged Weapons
  6352 | D:8      | 6352 ||| FLEEEEING.
  6353 | D:8      | 6353 ||| FLEEEEING.
  6354 | D:8      | 6354 ||| FLEEEEING.
  6364 | D:8      | 6364 ||| FLEEEEING.
  6365 | D:8      | 6365 ||| FLEEEEING.
  6366 | D:8      | 6366 ||| FLEEEEING.
  6367 | D:8      | 6367 ||| FLEEEEING.
  6368 | D:8      | 6368 ||| FLEEEEING.
  6369 | D:8      | 6369 ||| FLEEEEING.
  6370 | D:8      | 6370 ||| FLEEEEING.
  6371 | D:8      | 6371 ||| FLEEEEING.
  6372 | D:8      | 6372 ||| FLEEEEING.
  6373 | D:8      | 6373 ||| FLEEEEING.
  6374 | D:8      | 6374 ||| FLEEEEING.
  6376 | D:8      | 6376 ||| FLEEEEING.
  6377 | D:8      | 6377 ||| FLEEEEING.
  6378 | D:8      | 6378 ||| FLEEEEING.
  6379 | D:8      | 6379 ||| FLEEEEING.
  6380 | D:8      | 6380 ||| FLEEEEING.
  6381 | D:8      | 6381 ||| FLEEEEING.
  6382 | D:8      | 6382 ||| FLEEEEING.
  6383 | D:8      | 6383 ||| FLEEEEING.
  6384 | D:8      | 6384 ||| FLEEEEING.
  6385 | D:8      | 6385 ||| FLEEEEING.
  6481 | D:8      | 6481 ||| Stepping ~*~*~tactically~*~*~ (outnumbered).
  6483 | D:8      | 6483 ||| Stepping ~*~*~tactically~*~*~ (outnumbered).
  6486 | D:8      | 6486 ||| Stepping ~*~*~tactically~*~*~ (outnumbered).
  6487 | D:8      | 6487 ||| Stepping ~*~*~tactically~*~*~ (outnumbered).
  6770 | D:8      | 6770 ||| DROPPING +6 ring of strength.
  6771 | D:8      | 6771 ||| DRINKING 3 lumpy inky potions.
  6772 | D:8      | 6772 ||| DRINKING potion of curing.
  6772 | D:8      | 6772 ||| (to cure confusion)
  6773 | D:8      | 6773 ||| DRINKING 2 puce potions.
  6774 | D:8      | 6774 ||| READING 2 scrolls of identify.
  6774 | D:8      | 6774 ||| IDENTIFYING brown potion
  6775 | D:8      | 6775 ||| DROPPING potion of enlightenment.
  6776 | D:8      | 6776 ||| DROPPING 2 potions of ambrosia.
  6797 | D:8      | Found a glowing silver altar of Zin.
  6805 | D:8      | Found Siotsausch's Magic Scroll Emporium.
  6807 | D:7      | Found a blossoming altar of Fedhas.
  6821 | D:8      | 6821 ||| BUYING scroll of brand weapon (133 gold).
  6821 | D:8      | Bought a scroll of brand weapon for 133 gold pieces
  6821 | D:8      | 6821 ||| BUYING scroll of enchant weapon (105 gold).
  6821 | D:8      | Bought a scroll of enchant weapon for 105 gold pieces
  6821 | D:8      | 6821 ||| BUYING scroll of identify (28 gold).
  6821 | D:8      | Bought a scroll of identify for 28 gold pieces
  6821 | D:8      | 6821 ||| BUYING scroll of identify (28 gold).
  6821 | D:8      | Bought a scroll of identify for 28 gold pieces
  6821 | D:8      | 6821 ||| BUYING scroll of identify (28 gold).
  6821 | D:8      | Bought a scroll of identify for 28 gold pieces
  6821 | D:8      | 6821 ||| BUYING scroll of teleportation (42 gold).
  6821 | D:8      | Bought a scroll of teleportation for 42 gold pieces
  6821 | D:8      | 6821 ||| BUYING scroll of teleportation (42 gold).
  6821 | D:8      | Bought a scroll of teleportation for 42 gold pieces
  6821 | D:8      | 6821 ||| READING scroll of brand weapon.
  6821 | D:8      | 6821 ||| BRANDING +1 shortbow of flaming.
  6822 | D:8      | 6822 ||| READING scroll of enchant weapon.
  6822 | D:8      | 6822 ||| ENCHANTING +1 shortbow of draining.
  6851 | D:8      | Found an iron altar of Okawaru.
  6852 | D:8      | 6852 ||| PLANNING OKAWARU WORSHIP
  6852 | D:8      | 6852 ||| READING 4 scrolls of identify.
  6852 | D:8      | 6852 ||| IDENTIFYING white potion
  6853 | D:8      | 6853 ||| READING 3 scrolls of identify.
  6853 | D:8      | 6853 ||| IDENTIFYING ruby potion
  6854 | D:8      | 6854 ||| READING 2 scrolls of identify.
  6854 | D:8      | 6854 ||| IDENTIFYING smoky cyan potion
  6855 | D:8      | 6855 ||| DROPPING potion of berserk rage.
  6869 | D:8      | 6869 ||| FLEEEEING.
  6870 | D:8      | 6870 ||| FLEEEEING.
  6871 | D:8      | 6871 ||| FLEEEEING.
  6872 | D:8      | 6872 ||| FLEEEEING.
  6873 | D:8      | 6873 ||| FLEEEEING.
  6874 | D:8      | 6874 ||| FLEEEEING.
  6875 | D:8      | 6875 ||| FLEEEEING.
  6876 | D:8      | 6876 ||| FLEEEEING.
  6877 | D:8      | 6877 ||| FLEEEEING.
  6878 | D:8      | 6878 ||| FLEEEEING.
  6879 | D:8      | 6879 ||| FLEEEEING.
  6880 | D:8      | 6880 ||| FLEEEEING.
  6918 | D:8      | Became a worshipper of Warmaster Okawaru
  6918 | D:8      | 6918 ||| PLANNING D:1-11
  7053 | D:8      | 7053 ||| PLANNING LAIR
  7100 | Lair:1   | Entered Level 1 of the Lair of Beasts
  7155 | Lair:1   | Noticed a cane toad
  7167 | Lair:1   | Killed a cane toad
  7168 | Lair:1   | Reached skill level 9 in Fighting
  7184 | Lair:1   | 7184 ||| DROPPING +2 sling of freezing.
  7245 | Lair:1   | Reached XP level 11. HP: 63/71 MP: 11/11
  7249 | Lair:1   | Reached * piety under Okawaru
  7255 | Lair:1   | Reached skill level 1 in Invocations
  7336 | Lair:1   | 7336 ||| INVOKING Heroism.
  7355 | Lair:1   | Reached skill level 3 in Invocations
  7360 | Lair:1   | 7360 ||| INVOKING Heroism.
  7366 | Lair:1   | Reached ** piety under Okawaru
  7537 | Lair:1   | Noticed a catoblepas
  7538 | Lair:1   | 7538 ||| INVOKING Heroism.
  7562 | Lair:1   | 7562 ||| INVOKING Heroism.
  7566 | Lair:1   | Killed a catoblepas
  7574 | Lair:1   | 7574 ||| FLEEEEING.
  7716 | Lair:1   | Reached *** piety under Okawaru
  7764 | Lair:1   | 7764 ||| INVOKING Heroism.
  7773 | Lair:1   | Reached skill level 6 in Dodging
  8033 | Lair:1   | 8033 ||| READING 2 scrolls labelled XYOROQALUO.
  8034 | Lair:1   | 8034 ||| DROPPING scroll of blinking.
  8112 | Lair:2   | 8112 ||| INVOKING Heroism.
  8191 | Lair:2   | 8191 ||| READING scroll of enchant armour.
  8191 | Lair:2   | 8191 ||| ENCHANTING +1 helmet.
  8208 | Lair:2   | Found a runed translucent gate.
  8208 | Lair:2   | Found a runed translucent gate.
  8209 | Lair:2   | Found a runed translucent gate.
  8212 | Lair:2   | 8212 ||| INVOKING Heroism.
  8230 | Lair:2   | Noticed a great orb of eyes
  8231 | Lair:2   | Noticed qw's ghost (journeyman GrHu)
  8240 | Lair:2   | Found a viscous altar of Jiyva.
  8279 | Lair:2   | 8279 ||| READING scroll of enchant armour.
  8279 | Lair:2   | 8279 ||| ENCHANTING +0 cloak.
  8293 | Lair:2   | Noticed a manticore
  8294 | Lair:2   | 8294 ||| INVOKING Heroism.
  8305 | Lair:2   | Killed a manticore
  8306 | Lair:2   | Reached skill level 10 in Fighting
  8386 | Lair:2   | 8386 ||| INVOKING Heroism.
  8650 | Lair:2   | Found a staircase to the Shoals.
  8657 | Lair:2   | 8657 ||| INVOKING Heroism.
  8690 | Lair:2   | Reached XP level 12. HP: 77/77 MP: 15/15
  8738 | Lair:2   | Found a frozen archway.
  8848 | Lair:2   | 8848 ||| READING scroll of enchant weapon.
  8848 | Lair:2   | 8848 ||| ENCHANTING +2 shortbow of draining.
  9150 | Lair:3   | 9150 ||| INVOKING Heroism.
  9226 | Lair:3   | 9226 ||| INVOKING Heroism.
  9233 | Lair:3   | Reached skill level 11 in Fighting
  9243 | Lair:3   | Noticed Urug
  9254 | Lair:3   | Killed Urug
  9260 | Lair:3   | 9260 ||| INVOKING Heroism.
  9313 | Lair:3   | Noticed a catoblepas
  9314 | Lair:3   | 9314 ||| INVOKING Heroism.
  9323 | Lair:3   | Killed a catoblepas
  9324 | Lair:3   | Reached skill level 12 in Fighting
  9360 | Lair:3   | 9360 ||| INVOKING Heroism.
  9369 | Lair:3   | Reached **** piety under Okawaru
  9389 | Lair:3   | Received a gift from Okawaru
  9419 | Lair:3   | 9419 ||| UPGRADING to +3 ring mail of poison resistance.
  9434 | Lair:3   | 9434 ||| DROPPING +2 robe of willpower.
  9453 | Lair:3   | 9453 ||| Stepping ~*~*~tactically~*~*~ (outnumbered).
  9455 | Lair:3   | 9455 ||| Stepping ~*~*~tactically~*~*~ (outnumbered).
  9475 | Lair:3   | 9475 ||| INVOKING Heroism.
  9672 | Lair:3   | 9672 ||| INVOKING Heroism.
  9753 | Lair:3   | 9753 ||| INVOKING Heroism.
  9759 | Lair:3   | Reached skill level 6 in Invocations
  9780 | Lair:3   | 9780 ||| INVOKING Heroism.
  9814 | Lair:3   | Found a hole to the Spider Nest.
 10163 | Lair:3   | Reached skill level 6 in Armour
 10206 | Lair:3   | 10206 ||| UPGRADING to +0 pair of boots.
 10276 | Lair:3   | 10276 ||| READING 2 scrolls of identify.
 10276 | Lair:3   | 10276 ||| IDENTIFYING yellow potion
 10337 | Lair:4   | 10337 ||| Stepping ~*~*~tactically~*~*~ (outnumbered).
 10470 | Lair:4   | 10470 ||| INVOKING Heroism.
 10494 | Lair:4   | Reached ***** piety under Okawaru
 10498 | Lair:4   | Reached XP level 13. HP: 73/86 MP: 18/18
 10505 | Lair:4   | 10505 ||| INVOKING Heroism.
 10587 | Lair:4   | 10587 ||| INVOKING Heroism.
 10588 | Lair:4   | 10588 ||| INVOKING Finesse.
 10773 | Lair:4   | 10773 ||| INVOKING Heroism.
 10820 | Lair:4   | 10820 ||| INVOKING Heroism.
 10829 | Lair:4   | Reached skill level 9 in Invocations
 10829 | Lair:4   | HP: 21/87 [bullfrog (6)]
 10830 | Lair:4   | 10830 ||| READING 5 scrolls of teleportation.
 10837 | Lair:4   | HP: 20/87 [rime drake/icy flash freeze (3)]
 10838 | Lair:4   | 10838 ||| READING 4 scrolls of teleportation.
 10839 | Lair:4   | 10839 ||| Stepping ~*~*~tactically~*~*~ (outnumbered).
 11079 | Lair:4   | 11079 ||| INVOKING Heroism.
 11240 | Lair:4   | Reached skill level 13 in Fighting
 11448 | Lair:4   | 11448 ||| READING scroll of enchant armour.
 11448 | Lair:4   | 11448 ||| ENCHANTING +0 pair of boots.
 11617 | Lair:4   | 11617 ||| UPGRADING to amulet of faith.
 11622 | Lair:4   | 11622 ||| READING 3 scrolls labelled ORAURA WEUNURI.
 11623 | Lair:4   | 11623 ||| DROPPING 2 scrolls of summoning.
 11627 | Lair:5   | Entered Level 5 of the Lair of Beasts
 11628 | Lair:5   | 11628 ||| INVOKING Heroism.
 11674 | Lair:5   | 11674 ||| STAIRDANCE
 11689 | Lair:4   | 11689 ||| INVOKING Heroism.
 11847 | Lair:5   | Found a stormy altar of Qazlal.
 11867 | Lair:5   | 11867 ||| READING 3 scrolls of enchant armour.
 11867 | Lair:5   | 11867 ||| ENCHANTING +1 pair of boots.
 11868 | Lair:5   | 11868 ||| READING 2 scrolls of enchant armour.
 11868 | Lair:5   | 11868 ||| ENCHANTING +1 cloak.
 11869 | Lair:5   | 11869 ||| INVOKING Heroism.
 11934 | Lair:5   | 11934 ||| INVOKING Heroism.
 11940 | Lair:5   | 11940 ||| INVOKING Finesse.
 11988 | Lair:5   | 11988 ||| INVOKING Heroism.
 12094 | Lair:5   | Found a viscous altar of Jiyva.
 12105 | Lair:5   | Found a staircase to the Slime Pits.
 12116 | Lair:5   | 12116 ||| FLEEEEING.
 12117 | Lair:5   | 12117 ||| FLEEEEING.
 12118 | Lair:5   | 12118 ||| FLEEEEING.
 12119 | Lair:5   | 12119 ||| FLEEEEING.
 12126 | Lair:5   | 12126 ||| STAIRDANCE
 12169 | Lair:4   | 12169 ||| UPGRADING to +0 pair of gloves.
 12174 | Lair:4   | 12174 ||| READING scroll of enchant armour.
 12174 | Lair:4   | 12174 ||| ENCHANTING +0 pair of gloves.
 12186 | Lair:5   | 12186 ||| INVOKING Heroism.
 12216 | Lair:5   | 12216 ||| INVOKING Finesse.
 12231 | Lair:5   | Reached skill level 9 in Armour
 12272 | Lair:5   | 12272 ||| INVOKING Heroism.
 12273 | Lair:5   | 12273 ||| INVOKING Finesse.
 12327 | Lair:5   | Gained mutation: Your large and strong wings let you fly.
                  | [Gargoyle growth]
 12327 | Lair:5   | Reached XP level 14. HP: 94/95 MP: 16/21
 12335 | Lair:5   | Reached skill level 14 in Fighting
 12351 | Lair:5   | Received a gift from Okawaru
 12420 | Lair:5   | 12420 ||| INVOKING Heroism.
 12421 | Lair:5   | 12421 ||| INVOKING Finesse.
 12508 | Lair:5   | Reached skill level 9 in Dodging
 12514 | Lair:5   | 12514 ||| READING scroll of enchant weapon.
 12514 | Lair:5   | 12514 ||| ENCHANTING +3 shortbow of draining.
 12645 | Lair:5   | Noticed a dire elephant
 12645 | Lair:5   | Noticed a dire elephant
 12768 | Lair:5   | 12768 ||| INVOKING Heroism.
 12769 | Lair:5   | 12769 ||| INVOKING Finesse.
 13049 | Lair:5   | 13049 ||| INVOKING Heroism.
 13078 | Lair:5   | Killed a dire elephant
 13094 | Lair:5   | Killed a dire elephant
 13157 | Lair:5   | Identified the +1 mace "Rullaxt" {flame, rN+ rCorr Dex+2}
 13180 | Lair:5   | 13180 ||| INVOKING Heroism.
 13181 | Lair:5   | 13181 ||| INVOKING Finesse.
 13269 | Lair:5   | 13269 ||| INVOKING Heroism.
 13603 | Lair:5   | Reached skill level 15 in Fighting
 13923 | Lair:5   | 13923 ||| INVOKING Heroism.
 14125 | Lair:5   | 14125 ||| INVOKING Heroism.
 14611 | Lair:5   | 14611 ||| PLANNING D:1-11
 15002 | D:9      | Noticed Harold
 15006 | D:9      | 15006 ||| FLEEEEING.
 15008 | D:9      | 15008 ||| FLEEEEING.
 15009 | D:9      | 15009 ||| FLEEEEING.
 15017 | D:9      | 15017 ||| FLEEEEING.
 15018 | D:9      | 15018 ||| FLEEEEING.
 15019 | D:9      | 15019 ||| FLEEEEING.
 15020 | D:9      | 15020 ||| FLEEEEING.
 15021 | D:9      | 15021 ||| FLEEEEING.
 15026 | D:9      | 15026 ||| FLEEEEING.
 15027 | D:9      | 15027 ||| FLEEEEING.
 15028 | D:9      | 15028 ||| FLEEEEING.
 15029 | D:9      | 15029 ||| FLEEEEING.
 15034 | D:9      | 15034 ||| FLEEEEING.
 15035 | D:9      | 15035 ||| FLEEEEING.
 15036 | D:9      | 15036 ||| STAIRDANCE
 15138 | D:8      | 15138 ||| READING 3 scrolls labelled GETOAR WIOLL.
 15139 | D:8      | 15139 ||| READING 3 scrolls of identify.
 15139 | D:8      | 15139 ||| IDENTIFYING lumpy grey potion
 15140 | D:8      | 15140 ||| DROPPING 2 scrolls of fear.
 15153 | D:9      | Killed Harold
 15153 | D:9      | Identified the +0 chain mail of Jaunanefe {Regen+ Dex+4
                  | Slay-4} (Okawaru gifted it to you on level 9 of the
                  | Dungeon)
 15153 | D:9      | Received a gift from Okawaru
 15317 | D:9      | 15317 ||| READING scroll of enchant weapon.
 15317 | D:9      | 15317 ||| ENCHANTING +4 shortbow of draining.
 15610 | D:9      | 15610 ||| Stepping ~*~*~tactically~*~*~ (outnumbered).
 15615 | D:9      | 15615 ||| Stepping ~*~*~tactically~*~*~ (outnumbered).
 15743 | D:10     | Entered Level 10 of the Dungeon
 15754 | D:10     | 15754 ||| STAIRDANCE
 15823 | D:10     | Reached skill level 16 in Fighting
 15846 | D:10     | Found Voref's Antique Armour Emporium.
 15862 | D:10     | 15862 ||| BUYING brightly glowing cloak (313 gold).
 15862 | D:10     | Bought a brightly glowing cloak for 313 gold pieces
 15862 | D:10     | Identified the +2 cloak of Resilience {rC+++ MP+9 Int+4}
                  | (You bought it in a shop on level 10 of the Dungeon)
 15862 | D:10     | 15862 ||| BUYING crude ring mail (297 gold).
 15862 | D:10     | Bought a crude ring mail for 297 gold pieces
 15862 | D:10     | Identified the +4 ring mail of Parch {Int+3} (You bought it
                  | in a shop on level 10 of the Dungeon)
 15862 | D:10     | 15862 ||| SHOPLISTING pair of runed gloves (247 gold, have
                  | 2).
 15953 | D:10     | 15953 ||| SWAPPING to +0 orcbow.
 15954 | D:10     | 15954 ||| DROPPING +0 shortbow.
 15955 | D:10     | 15955 ||| DROPPING +5 shortbow of draining.
 16051 | D:10     | Identified the +5 chain mail "Saveexto" {rF- Int+6 Slay+2}
 16072 | D:10     | 16072 ||| Stepping ~*~*~tactically~*~*~ (outnumbered).
 16085 | D:10     | 16085 ||| INVOKING Heroism.
 16086 | D:10     | 16086 ||| INVOKING Finesse.
 16454 | D:10     | Found Zashai's Antique Weapon Shop.
 16464 | D:10     | 16464 ||| SHOPLISTING steaming shortbow (176 gold, have
                  | 49).
 16656 | D:10     | 16656 ||| UPGRADING to +2 cloak of Resilience {rC+++ MP+9
                  | Int+4}.
 16666 | D:10     | 16666 ||| DROPPING +2 cloak.
 16667 | D:10     | 16667 ||| UPGRADING to +4 ring mail of Parch {Int+3}.
 16677 | D:10     | 16677 ||| DROPPING +3 ring mail of poison resistance.
 16766 | D:11     | 16766 ||| Stepping ~*~*~tactically~*~*~ (outnumbered).
 16768 | D:11     | 16768 ||| Stepping ~*~*~tactically~*~*~ (outnumbered).
 16771 | D:11     | 16771 ||| Stepping ~*~*~tactically~*~*~ (outnumbered).
 16899 | D:11     | 16899 ||| INVOKING Heroism.
 16900 | D:11     | 16900 ||| INVOKING Finesse.
 16980 | D:11     | Reached XP level 15. HP: 94/104 MP: 22/22
 17040 | D:11     | 17040 ||| READING scroll of enchant armour.
 17040 | D:11     | 17040 ||| ENCHANTING +1 pair of gloves.
 17360 | D:11     | Found a runed translucent door.
 17365 | D:11     | Noticed a balrug
 17500 | D:11     | 17500 ||| PLANNING D
 17500 | D:11     | 17500 ||| DROPPING +2 cloak.
 17532 | D:12     | 17532 ||| PLANNING GAUNTLET
 17574 | D:12     | Found a staircase to the Orcish Mines.
 17589 | D:12     | 17589 ||| INVOKING Heroism.
 17756 | D:12     | Found Dogumon's Armour Boutique.
 17816 | D:12     | Reached skill level 15 in Ranged Weapons
 17817 | D:12     | Found a gate leading to a gauntlet.
 17826 | Gauntlet | Entered a Gauntlet
 17826 | Gauntlet | Found a transporter.
 17826 | Gauntlet | Found a transporter.
 17832 | Gauntlet | Found a transporter.
 17845 | Gauntlet | Found a transporter.
 17864 | Gauntlet | Found a transporter.
 17864 | Gauntlet | Found a transporter.
 17864 | Gauntlet | Found a transporter.
 17867 | Gauntlet | Found a transporter.
 17867 | Gauntlet | Found a transporter.
 17890 | Gauntlet | Found a transporter.
 17896 | Gauntlet | Found a runed translucent gate.
 17897 | Gauntlet | Found a transporter.
 17897 | Gauntlet | Found a runed translucent gate.
 17898 | Gauntlet | Found a runed translucent gate.
 17907 | Gauntlet | Found a transporter.
 17922 | Gauntlet | Found a transporter.
 17943 | Gauntlet | Found a transporter.
 17981 | Gauntlet | 17981 ||| DRINKING 4 potions of curing.
 17981 | Gauntlet | 17981 ||| (to cure confusion)
 17984 | Gauntlet | Paralysed by a floating eye for 4 turns
 18063 | Gauntlet | 18063 ||| DROPPING +0 pair of gloves of hurling.
 18082 | Gauntlet | 18082 ||| INVOKING Heroism.
 18090 | Gauntlet | HP: 18/104 [reaper/+2 scythe of venom (16)]
 18091 | Gauntlet | 18091 ||| DRINKING potion of heal wounds.
 18095 | Gauntlet | HP: 6/104 [reaper/+2 scythe of venom (10)]
 18101 | Gauntlet | HP: 5/104 [reaper/+2 scythe of venom (3)]
 18104 | Gauntlet | Slain by a reaper

Levels and vault maps discovered:
D:1:      minmay_arrival_diagonal_passages, layout_loops_ring,
          chequers_big_river, minmay_pentomino_s4
D:2:      layout_loops_ring, serial_rivers, chequers_serial_rivers_small_b,
          chequers_serial_rivers_large_b, chequers_serial_rivers_small_3,
          chequers_serial_rivers_micro_a, minmay_misc_feat_ornament
D:3:      layout_basic, nicolae_qazlal_beasts_of_the_sky,
          nicolae_gozag_cash_rules_everything_around_me, minmay_liquid_box,
          feat_on_display
D:4:      layout_rooms, hangedman_decor_opposing
D:5:      layout_gridville, palyth_temple_overflow_mages, makhleb_grotto_becter,
          nicolae_ru_awakened_eye, cheibrodos_ashenzari_chains,
          mainiacjoe_overflow_big_doors, uniq_pikel, uniq_eustachio, uniq_ijyb
D:6:      layout_layer_cave, minmay_temple_entry_statues_pillars
D:7:      layout_cave_pools, mainiacjoe_overflow_boulevard,
          nicolae_overflow_hidden_temple, kennysheep_little_box, minivault_4
D:8:      cheibrodos_fertilizer, layout_rooms, okawaru_humans,
          kennysheep_mini_moat, serial_shops, shop
D:9:      layout_gridville, serial_park_tiny_1, minmay_quadrilaterals,
          uniq_harold
D:10:     layout_loops_ring, serial_shops, shop, kennysheep_windowed_goal
D:11:     dreamdust_dug_too_deep, layout_loops_ring, minmay_checkerbox
D:12:     layout_rooms, orc_david_3, gauntlet_entry_generic
Temple:   hellmonk_temple_two_chambers
Lair:1:   layout_roguey, serial_bayou_pond_e, grunt_forest_small_clearing_treed
Lair:2:   layout_cave_pods, minmay_shoals_entry_beasts, gammafunk_ghost_ooze,
          portal_ice_cave_entry_pillars_1, chequers_serial_rivers_room_a,
          dreamdust_wasp_nest
Lair:3:   minmay_lair_venomous_thicket, layout_long_grid,
          nicolae_spider_entry_tight_spaces, grunt_megastairs_4,
          lemuel_fruit_fields, uniq_urug
Lair:4:   layout_roguey
Lair:5:   due_jungle_book, layout_big_grid, minmay_slime_entry_eyes, basic_altar
Gauntlet: gammafunk_gauntlet_mixed_choke_point [minmay_gauntlet_arena_77_mess,
          minmay_gauntlet_arena_77_block_sizes, minmay_gauntlet_arena_77_fan,
          nicolae_gauntlet_swirl, minmay_gauntlet_arena_77_braids,
          minmay_gauntlet_arena_77_run_for_it,
          minmay_gauntlet_arena_77_radiant_squares,
          dreamdust_gauntlet_exit_labyrinth]

Skill      XL: |  1  2  3  4  5  6  7  8  9 10 11 12 13 14 15 |
---------------+----------------------------------------------+-----
Ranged Weapons | 5 6 7 8 9 11 13 14 15 | 15.1
Armour         | 1 3 7 9 10 | 10.0
Fighting       | 3 4 7 8 9 10 12 13 16 | 16.0
Dodging        | 2 4 5 7 8 9 |  9.0
Invocations    | 4 7 10 | 10.0
Stealth        | |  1.1

Action                     |  1- 3 |  4- 6 |  7- 9 | 10-12 | 13-15 || total
---------------------------+-------+-------+-------+-------+-------++-------
   Fire: Shortbow          |    94 |   184 |   385 |   807 |  1134 ||  2604
         Orcbow            |       |       |       |       |   365 ||   365
 Invoke: Heroism           |       |       |       |    20 |    23 ||    43
         Finesse           |       |       |       |       |     9 ||     9
    Use: Scroll            |     4 |     4 |    11 |    11 |    12 ||    42
         Potion            |       |       |     5 |     3 |     2 ||    10
 Armour: Leather armour    |     5 |       |       |       |       ||     5
         Ring mail         |    19 |    71 |   105 |    74 |   596 ||   865
         Robe              |       |       |    30 |    90 |       ||   120
         Skin              |       |       |       |     4 |       ||     4
  Dodge: Dodged            |    16 |    60 |   212 |   377 |  1116 ||  1781

Table legend:
 A = Non-vault XP
 B = Vault XP
 C = Vault XP percentage of total XP
 D = Non-vault monster count
 E = Vault monster count
 F = Vault count percentage of total count
                 A         B        C        D         E       F
            +---------+---------+-------+---------+---------+-------
      Total |   61682 |   28694 |  31.7 |     405 |     109 |  21.2
            +---------+---------+-------+---------+---------+-------
        D:1 |      42 |       7 |  14.3 |      17 |       4 |  19.0
        D:2 |      92 |       0 |   0.0 |      21 |       0 |   0.0
        D:3 |      12 |     132 |  91.7 |       8 |       1 |  11.1
        D:4 |     446 |       0 |   0.0 |      32 |       0 |   0.0
        D:5 |     406 |    1025 |  71.6 |      14 |       7 |  33.3
        D:6 |    1178 |       0 |   0.0 |      22 |       0 |   0.0
        D:7 |    1175 |       0 |   0.0 |      23 |       0 |   0.0
        D:8 |    2596 |    1301 |  33.4 |      30 |      19 |  38.8
        D:9 |    1958 |    1377 |  41.3 |      27 |       4 |  12.9
       D:10 |    4227 |     305 |   6.7 |      27 |       3 |  10.0
       D:11 |    1132 |    2100 |  65.0 |      21 |       4 |  16.0
       D:12 |    1591 |     267 |  14.4 |       4 |       5 |  55.6
     Lair:1 |    6257 |       0 |   0.0 |      26 |       0 |   0.0
     Lair:2 |    2073 |    1915 |  48.0 |       9 |       6 |  40.0
     Lair:3 |    6650 |    4498 |  40.3 |      25 |      23 |  47.9
     Lair:4 |   11732 |       0 |   0.0 |      48 |       0 |   0.0
     Lair:5 |   20115 |   14696 |  42.2 |      51 |      28 |  35.4
   Gauntlet |       0 |    1071 | 100.0 |       0 |       5 | 100.0
            +---------+---------+-------+---------+---------+-------
